 Dungeon Crawl Stone Soup version 0.20.1-1-g8b1a95d (webtiles) character file.

42 FollowTheCloud the Caller (level 3, 0/27 HPs)
             Began as a Merfolk Summoner on Sept 7, 2017.
             Slain by a gnoll
             ... wielding a +0 halberd
              (11 damage)
             ... on level 2 of the Dungeon.
             The game lasted 00:04:19 (1728 turns).

FollowTheCloud the Caller (Merfolk Summoner)        Turns: 1728, Time: 00:04:19

Health: 0/27       AC:  2    Str:  8    XL:     3   Next: 56%
Magic:  6/6        EV: 13    Int: 15    God:
Gold:   102        SH:  0    Dex: 14    Spells: 2/6 levels left

rFire    . . .     SeeInvis .   e - +0 dagger
rCold    . . .     Gourm    .   (no shield)
rNeg     . . .     Faith    .   a - +0 robe
rPois    .         Spirit   .   (no helmet)
rElec    .         Reflect  .   (no cloak)
rCorr    .         Harm     .   (no gloves)
MR       .....                  (no boots)
Stlth    ++........             (no amulet)
Regen    0.1/turn               (no ring)
MPRegen  0.1/turn               (no ring)

@: no status effects
A: change form in water, swift swim, stealthy swim
a: no special abilities


You were on level 2 of the Dungeon.
You were not hungry.

You visited 1 branch of the dungeon, and saw 2 of its levels.

You collected 102 gold pieces.

Inventory:

Hand Weapons
 e - a +0 dagger (weapon)
Missiles
 h - 8 javelins (quivered)
Armour
 a - a +0 robe (worn)
Scrolls
 f - a scroll of magic mapping {unknown}
 g - 5 scrolls of identify {unknown}
 j - a scroll of blinking {unknown}
Potions
 k - a potion of cancellation {unknown}
Books
 b - a book of Callings

   Spells                             Type                      Level
   a - Summon Small Mammal            Summoning                    1
   b - Call Imp                       Summoning                    2
   c - Call Canine Familiar           Summoning                    3
   d - Summon Guardian Golem          Hexes/Summoning              3
   e - Summon Lightning Spire         Summoning/Air                4
   f - Summon Ice Beast               Ice/Summoning                4
Comestibles
 c - 3 bread rations
 d - a royal jelly
 i - 3 fruits
 l - a chunk of flesh


   Skills:
 + Level 1.8 Fighting
 + Level 3.1 Dodging
 - Level 2.1 Stealth
 + Level 2.4 Spellcasting
 + Level 4.3 Summonings


You had 2 spell levels left.
You knew the following spells:

 Your Spells              Type           Power        Failure   Level  Hunger
a - Summon Small Mammal   Summ           ##..         3%          1    #......
b - Call Canine Familiar  Summ           ##......     11%         3    ###....


Dungeon Overview and Level Annotations

Branches:
Dungeon (2/15)

Altars:


Message History

You don't know that spell.
Your hound barely misses the gnoll.
The gnoll barely misses your hound.
Your hound misses the gnoll. The gnoll barely misses your hound.
Your hound barely misses the gnoll.
Your hound bites the gnoll.
The gnoll hits your hound with a flail.
Your hound bites the gnoll.
The gnoll dies!
You swap places.
The gnoll barely misses you. The gnoll misses you.
Things that are here:
a club; an enchanted spear The gnoll misses you.
Things that are here:
a flail; a gnoll corpse You hit the gnoll but do no damage.
You hit the gnoll.
The gnoll is lightly wounded.
The gnoll hits you with a halberd!
The gnoll hits you from afar with a halberd!
You die...

#.....<...........#
#....[.#[..........
#........#.........
#.......##........#
#.
####....##........#
#.#
###........<.....#
#.#
#...#####........#
#.#####.###
#........#
#....##@#
#........#
#....gh)#
#.[......#
#....####
######..## #....#
#.... #....# #.###
###.#### ######..
####...## #.....#..
#..)....# ##.......
#.......# #........


You could see a gnoll and a friendly hound.

Vanquished Creatures
  An adder (D:2)
  2 ball pythons (D:1)
  A giant cockroach (D:2)
  2 goblins (D:1)
  A hobgoblin (D:1)
  3 kobolds (D:1)
  3 bats
  2 frilled lizards (D:2)
  A rat (D:1)
16 creatures vanquished.

Vanquished Creatures (collateral kills)
  3 gnolls (D:2)
  A bat (D:2)
  A giant cockroach (D:1)
  2 hobgoblins (D:1)
  2 kobolds (D:1)
  A frilled lizard (D:1)
  A rat (D:1)
11 creatures vanquished.

Grand Total: 27 creatures vanquished

Notes
Turn   | Place    | Note
-------+----------+-------------------------------------------
     0 | D:1      | FollowTheCloud the Merfolk Summoner began the quest for the Orb.
     0 | D:1      | Reached XP level 1. HP: 13/13 MP: 3/3
   685 | D:1      | Reached XP level 2. HP: 20/20 MP: 5/5
  1115 | D:1      | Reached skill level 1 in Fighting
  1527 | D:2      | Reached XP level 3. HP: 22/26 MP: 3/6
  1532 | D:2      | Learned a level 3 spell: Call Canine Familiar
  1728 | D:2      | Slain by a gnoll

Skill      XL: |  1  2 |
---------------+-------+-----
Fighting       | 1 |  1.8
Dodging        | 3 |  3.1
Stealth        | |  2.1
Spellcasting   | |  2.4
Summonings     | |  4.3

Action                   || total
-------------------------++-------
Melee: Dagger            ||    93
       Unarmed           ||     9
 Cast: Summon Small Mamm ||    15
       Call Canine Famil ||     2
 Stab: Sleeping          ||     1
       Distracted        ||     1
  Eat: Chunk             ||     3
Armor: Robe              ||    27
Dodge: Dodged            ||    76
